 Dungeon Crawl Stone Soup version 0.28-a0-973-ga7f8b01127 (webtiles) character file.

Game seed: 8846732312341135993

6327 siradein the Destroyer (level 10, 0/63 HPs)
             Began as a Demonspawn Conjurer on Dec 2, 2021.
             Was a Believer of Vehumet.
             Slain by a wight (20 damage)
             ... on level 10 of the Dungeon.
             The game lasted 01:10:51 (12914 turns).

siradein the Destroyer (Demonspawn Conjurer)       Turns: 12914, Time: 01:10:51

Health: 0/63       AC:  7    Str: 10    XL:     10   Next: 64%
Magic:  19/22      EV: 19    Int: 21    God:    Vehumet [**....]
Gold:   582        SH:  0    Dex: 12    Spells: 4/25 levels left

rFire   . . .      SeeInvis +   i - +1 quarterstaff (drain)
rCold   . . .      Faith    .   (shield currently unavailable)
rNeg    . . .      Spirit   .   a - +0 robe
rPois   .          Reflect  .   (helmet restricted)
rElec   .          Harm     .   (no cloak)
rCorr   +          Rampage  .   (no gloves)
Will    +....                   w - +2 pair of boots of Twilight {rCorr Str+2 Int-2 SInv}
Stlth   ++........              (no amulet)
HPRegen 0.20/turn               e - +4 ring of evasion
MPRegen 0.18/turn               f - ring of willpower

@: no status effects
A: antennae 2, molten scales 1, powered by pain 1, demonic magic 1
a: Renounce Religion


You were on level 10 of the Dungeon.
You worshipped Vehumet.
Vehumet was pleased with you.
You visited 2 branches of the dungeon, and saw 11 of its levels.

You collected 582 gold pieces.

Inventory:

Hand Weapons
 g - a +0 dagger of speed
 i - a +1 quarterstaff of draining (weapon)
 p - a +0 whip of venom
Armour
 a - a +0 robe (worn)
 h - +0 steam dragon scales
 w - the +2 pair of boots of Twilight (worn) {rCorr Str+2 Int-2 SInv}
   (You found it on level 5 of the Dungeon)

   Str:       It affects your strength (+2).
   Int:       It affects your intelligence (-2).
   SInv:      It lets you see invisible.
   rCorr:     It protects you from acid and corrosion.
Magical Staves
 G - a staff of air
Jewellery
 e - a +4 ring of evasion (left hand)
 f - a ring of willpower (right hand)
 m - a ring of protection from fire
Wands
 j - a wand of digging (6)
 k - a wand of polymorph (6)
 s - a wand of charming (10)
 F - a wand of flame (11)
Scrolls
 c - a scroll of silence
 n - a scroll of immolation
 v - a scroll of teleportation
 x - 3 scrolls of amnesia
 y - a scroll of fog
Potions
 b - 6 potions of curing
 d - a potion of invisibility {unknown}
 l - 2 potions of ambrosia {unknown}
 o - a potion of might
 q - 3 potions of haste {unknown}
 u - 3 potions of lignification {unknown}
 z - 3 potions of heal wounds {unknown}
 A - a potion of cancellation {unknown}
 B - 3 potions of magic {unknown}
 D - a potion of resistance {unknown}
 E - 2 potions of berserk rage {unknown}


   Skills:
 + Level 8.1 Dodging
 - Level 1.7 Stealth
 + Level 8.2 Spellcasting
 + Level 9.6 Conjurations
 - Level 4.5 Translocations
 + Level 2.1 Ice Magic
 + Level 2.2 Evocations


You had 4 spell levels left.
You knew the following spells:

 Your Spells              Type           Power      Damage    Failure   Level
a - Magic Dart            Conj           100%       1d8       1%          1
b - Searing Ray           Conj           98%        2d8       1%          2
c - Dazzling Flash        Conj/Hex       56%        N/A       3%          3
d - Fulminant Prism       Conj/Hex       14%        3d9       11%         4
e - Iskenderun's Mystic   Conj/Tloc      38%        2d9       4%          4
f - Hailstorm             Conj/Ice       33%        3d8       7%          4
g - Frozen Ramparts       Ice            34%        1d5       10%         3

Your spell library contained the following spells:

 Spells                   Type           Power      Damage    Failure   Level
 Static Discharge         Conj/Air       28%        N/A       1%          2
 Freeze                   Ice            68%        1d8       3%          1
 Summon Small Mammal      Summ           32%        N/A       8%          1
 Flame Wave               Conj/Fire      28%        2d6       11%         4
 Scorch                   Fire           16%        2d6       12%         2
 Passage of Golubria      Tloc           27%        N/A       12%         4
 Call Canine Familiar     Summ           8%         N/A       24%         3
 Inner Flame              Hex/Fire       8%         N/A       24%         3
 Summon Guardian Golem    Hex/Summ       8%         N/A       24%         3
 Tukima's Dance           Hex            8%         N/A       24%         3
 Cause Fear               Hex            4%         N/A       61%         4
 Yara's Violent Unravell  Hex/Tmut       4%         3d4       91%         5
 Summon Cactus Giant      Summ           4%         N/A       100%        6
 Dragon Form              Tmut           4%         N/A       100%        7
 Discord                  Hex            4%         N/A       100%        8
 Dragon's Call            Summ           4%         N/A       100%        9


Dungeon Overview and Level Annotations

Branches:
Dungeon (10/15)            Temple (1/1) D:6             Orc (0/2) D:10
   Lair: D:8-11

Altars:
Ashenzari
Cheibriados
Dithmenos
Elyvilon
Fedhas
Gozag
Hepliaklqana
Kikubaaqudgha
Makhleb
Nemelex Xobeh
Okawaru
Qazlal
Ru
Sif Muna
Trog
Uskayaw
Vehumet
Wu Jian
Xom
Yredelemnul
Zin
The Shining One
Lugonu

Shops:
D:6 (

Annotations:
D:7 1 runed translucent door, Zonian's ghost, novice DsGl


Innate Abilities, Weirdness & Mutations

You have a pair of antennae on your head.
You are partially covered in molten scales. (AC +2)
You sometimes gain a little power by taking damage.
Spells you cast may paralyse adjacent enemies.


Message History

Press: ? - help, Q - select action, (/) - cycle Shift-Dir - straight line, f - goblin
Aim: a goblin, wielding a +0 spear (100% to hit)
The magic dart hits the goblin.
The goblin is heavily wounded.
Malevolent energies surge around you. The goblin barely misses you.
Aiming: Magic Dart (safe; 1% risk of failure)
Press: ? - help, Q - select action, (/) - cycle Shift-Dir - straight line, f/p - goblin
Aim: a goblin, wielding a +0 spear (heavily wounded, 100% to hit)
The magic dart hits the goblin.
You kill the goblin!
Vehumet accepts your kill.
Malevolent energies surge around you. h - +0 steam dragon scales You see here a +0 spear.
You open the door.
Found 14 gold pieces.
There is an open door here.
You open the door.
Found a stone staircase leading down.
There is an open door here.
Found a staircase to the Orcish Mines.
You hear the loud creaking of a portcullis very nearby.
A goblin comes into view. It is wielding a +0 spear.
The goblin shouts!
The goblin closely misses you.
You barely miss the goblin. The goblin closely misses you.
The goblin completely misses you.
You sock the goblin!
You kill the goblin!
Vehumet accepts your kill.
You feel your power returning.
A wight comes into view.
It is wielding a +6 great sword of freezing.
You see here a +0 spear.
You closely miss the wight. The wight closely misses you.
You hit the wight but do no damage.
The wight hits you with a +6 great sword of freezing!
The wight freezes you.
The wight hits you with a +6 great sword of freezing!!
You die...

.##...###..†).#..##.# #.#
.##....###.......##. #.#
.##....#..#..)...##.####.##
......#....#.#.......##...##
.#..##.....#.#...##..#...>.####
.##..........#.).##..##........
.######....................####
.# ########.#####.###.>## ##
#..@....# #.## #.z###### #.#
#.. #.# #.. { .# #.≈ .# #.≈ .#
..≈ #.≈


You could see a wight.

Vanquished Creatures
  Harold (D:7)
  Pikel (D:6)
  Psyche (D:8)
  A kobold demonologist (D:10)
  A wyvern (D:9)
  A steam dragon (D:10)
  3 water moccasins
  2 acid dragons
  A sky beast (D:6)
  An orc warrior (D:8)
  2 ice beasts
  2 black bears
  4 ogres
  2 centaurs
  3 lemures (D:6)
  2 phantoms
  2 kobold brigands
  2 bullfrogs
  A gnoll sergeant (D:5)
  A water moccasin zombie (D:6)
  2 scorpions (D:4)
  17 killer bees
  9 howler monkeys
  3 wights (D:7)
  A bullfrog zombie (D:6)
  A crimson imp (D:4)
  2 centaur zombies
  A centaur skeleton (D:6)
  2 hounds
  3 jellies
  4 orc priests
  A bullfrog skeleton (D:7)
  An iguana (D:4)
  Natasha (thrice) (D:2)
  7 orc wizards
  A killer bee zombie (D:6)
  2 hound skeletons (D:4)
  A howler monkey zombie (D:9)
  6 gnolls
  A howler monkey skeleton (D:4)
  6 adders
  A white imp (D:4)
  2 adder skeletons (D:4)
  2 worms
  3 dart slugs
  14 orcs
  6 bats
  10 endoplasms
  2 giant cockroaches
  9 hobgoblins
  3 jackals (D:4)
  3 quokkas
  8 ball pythons
  5 frilled lizards
  21 goblins
  12 kobolds
  3 rats (D:2)
212 creatures vanquished.

Vanquished Creatures (others)
  16 fulminant prisms
  19 plants
  2 withered plants (D:7)
37 creatures vanquished.

Grand Total: 249 creatures vanquished

Notes
Turn   | Place    | Note
-------+----------+-------------------------------------------
     0 | D:1      | siradein the Demonspawn Conjurer began the quest for the
                  | Orb.
     0 | D:1      | Reached XP level 1. HP: 13/13 MP: 3/3
   400 | D:1      | Gained mutation: Spells you cast may paralyse adjacent
                  | enemies. [demonic ancestry]
   400 | D:1      | Reached XP level 2. HP: 19/19 MP: 3/5
   403 | D:1      | Learned a level 2 spell: Searing Ray
  1259 | D:2      | Gained mutation: You have a pair of small antennae on your
                  | head. [demonic ancestry]
  1259 | D:2      | Reached XP level 3. HP: 24/24 MP: 4/6
  1387 | D:2      | Noticed Natasha
  1397 | D:2      | Killed Natasha
  1633 | D:2      | Learned a level 3 spell: Dazzling Flash
  1688 | D:2      | Reached XP level 4. HP: 30/30 MP: 5/8
  1816 | D:2      | Noticed Natasha
  2270 | D:2      | Killed Natasha
  2412 | D:2      | Noticed Natasha
  2418 | D:2      | Killed Natasha
  3082 | D:3      | Reached XP level 5. HP: 35/35 MP: 9/9
  3087 | D:3      | Learned a level 4 spell: Fulminant Prism
  3204 | D:3      | Reached skill level 5 in Conjurations
  4139 | D:4      | Noticed an ogre
  4151 | D:4      | Killed an ogre
  4152 | D:4      | Gained mutation: You are partially covered in molten
                  | scales. (AC +2) [demonic ancestry]
  4152 | D:4      | Reached XP level 6. HP: 41/41 MP: 4/11
  4611 | D:4      | Reached XP level 7. HP: 40/46 MP: 2/13
  4751 | D:4      | Found a bloodstained altar of Trog.
  4837 | D:4      | Reached skill level 6 in Conjurations
  5299 | D:5      | Entered Level 5 of the Dungeon
  5380 | D:5      | Found a broken altar of Ashenzari.
  5560 | D:5      | Reached skill level 5 in Spellcasting
  5562 | D:5      | Reached skill level 5 in Dodging
  5562 | D:5      | Gained mutation: You have a pair of antennae on your head.
                  | [demonic ancestry]
  5562 | D:5      | Reached XP level 8. HP: 52/52 MP: 9/15
  5724 | D:5      | Found a snail-covered altar of Cheibriados.
  5725 | D:5      | Found a stormy altar of Qazlal.
  5742 | D:5      | Identified the +2 pair of boots of Twilight {rCorr Str+2
                  | Int-2 SInv}
  6085 | D:5      | Found a sparkling altar of Nemelex Xobeh.
  6389 | D:5      | Reached skill level 7 in Conjurations
  6492 | D:5      | Learned a level 1 spell: Magic Dart
  6497 | D:5      | Learned a level 4 spell: Iskenderun's Mystic Blast
  6502 | D:5      | Learned a level 4 spell: Hailstorm
  6586 | D:6      | Found an ornate altar of the Wu Jian Council.
  6779 | D:6      | Found Febaf's Hydra Hut.
  6779 | D:6      | Noticed a six-headed hydra
  7027 | D:6      | Found a blossoming altar of Fedhas.
  7206 | D:6      | Found a hazy altar of Hepliaklqana.
  7207 | D:6      | Found a shimmering altar of Xom.
  7208 | D:6      | Noticed a spectral ugly thing
  7231 | D:6      | Found a staircase to the Ecumenical Temple.
  7244 | D:6      | Reached skill level 1 in Translocations
  7256 | Temple   | Entered the Ecumenical Temple
  7368 | Temple   | Became a worshipper of Vehumet
  7742 | D:6      | Found a basalt altar of Yredelemnul.
  7876 | D:6      | Reached XP level 9. HP: 57/57 MP: 10/18
  8217 | D:7      | Noticed Harold
  8259 | D:7      | Noticed Pikel
  8501 | D:6      | Killed Pikel
  8502 | D:6      | Reached skill level 8 in Conjurations
  8806 | D:7      | Learned a level 3 spell: Frozen Ramparts
  9011 | D:7      | Found an ancient bone altar of Kikubaaqudgha.
  9016 | D:7      | Found a hide-covered altar of Uskayaw.
  9318 | D:7      | Killed Harold
  9605 | D:7      | Found a runed translucent door.
  9605 | D:7      | Noticed Zonian's ghost (novice DsGl)
  9824 | D:8      | Noticed Psyche
  9835 | D:8      | Killed Psyche
  9836 | D:8      | Gained mutation: You sometimes gain a little power by
                  | taking damage. [demonic ancestry]
  9836 | D:8      | Reached XP level 10. HP: 59/63 MP: 8/21
 10097 | D:8      | Reached skill level 9 in Conjurations
 10489 | D:8      | Reached * piety under Vehumet
 10489 | D:8      | Offered knowledge of Sandblast by Vehumet.
 11598 | D:9      | Reached skill level 1 in Ice Magic
 11598 | D:9      | Reached skill level 1 in Evocations
 12101 | D:9      | Offered knowledge of Static Discharge by Vehumet.
 12230 | D:10     | Entered Level 10 of the Dungeon
 12252 | D:10     | Noticed a sixfirhy
 12263 | D:10     | Reached ** piety under Vehumet
 12896 | D:10     | Found a staircase to the Orcish Mines.
 12914 | D:10     | Slain by a wight

Illustrated notes

Levels and vault maps discovered:
D:1:      minmay_arrival_diagonal_passages, layout_loops_ring
D:2:      layout_loops_ring, uniq_natasha
D:3:      cheibrodos_greedy_goblins, layout_basic, chequers_garden
D:4:      layout_rooms, mainiacjoe_overflow_cross_hatched, trog_book,
          serial_glass, glass_columns_b, glass_columns_b, glass_columns_b,
          glass_columns_a, glass_columns_c, glass_columns_a, glass_columns_c,
          glass_columns_b, minmay_fire_ice_demons
D:5:      layout_cave_pools, nemelex_dance_club_becter,
          nicolae_overflow_squiral, nicolae_ashenzari_panopticon,
          minmay_misc_feat_secret_circle, minmay_misc_feat_tower
D:6:      layout_loops_corners, regret_index_temple_of_mockery, fedhas_altar_2,
          nicolae_wu_jian_wuxing_cycle, lemuel_zombie_altar_yredelemnul,
          temple_green, minivault_5, doesnt_shop_hydraphobe
D:7:      layout_cave_pools, mainiacjoe_overflow_big_doors,
          gammafunk_ghost_grave, uniq_pikel, uniq_harold
D:8:      layout_loops_cross, uniq_psyche
D:9:      layout_basic
D:10:     layout_loops_corners, orc_0_dummy, enter_bailey_5,
          minmay_misc_feat_chi
Temple:   kb_corrupted_temple

Skill      XL: |  1  2  3  4  5  6  7  8  9 10 |
---------------+-------------------------------+-----
Dodging        | 2 3 4 5 6 7 8 |  8.1
Spellcasting   | 3 4 5 6 7 8 |  8.2
Conjurations   | 5 6 7 8 9 |  9.6
Translocations | 1 4 |  4.5
Ice Magic      | 2 |  2.1
Evocations     | 2 |  2.2
Stealth        | |  1.7

Action                   |  1- 3 |  4- 6 |  7- 9 | 10-12 || total
-------------------------+-------+-------+-------+-------++-------
Melee: Unarmed           |     3 |       |       |       ||     3
       Dagger            |    12 |     9 |       |       ||    21
       Quarterstaff      |       |    28 |    52 |    48 ||   128
 Cast: Magic Dart        |    49 |   106 |   105 |    50 ||   310
       Searing Ray       |       |     5 |    49 |    28 ||    82
       Dazzling Flash    |       |       |     1 |       ||     1
       Fulminant Prism   |       |       |     3 |    13 ||    16
       Iskenderun's Myst |       |       |     3 |     9 ||    12
  Use: Scroll            |       |       |     2 |    10 ||    12
 Stab: Paralysed         |     9 |    18 |    30 |    15 ||    72
       Sleeping          |     2 |       |       |       ||     2
Armor: Robe              |       |     3 |    23 |    33 ||    59
Dodge: Dodged            |    13 |    37 |   111 |   105 ||   266

Table legend: (Time is in decaauts)
 A = Elapsed time spent in this place.
 B = Non-inter-level travel time spent in this place.
 C = Inter-level travel time spent in this place.
 D = Time resting spent in this place.
 E = Time spent auto-exploring this place.
 F = Levels seen in this place.
 G = Mean time per level.
                   A        B        C        D        E       F      G
               +--------+--------+--------+--------+--------+-----+--------+
         Total |  12954 |  12726 |    228 |   1545 |   8803 |  11 | 1177.6 |
       Dungeon |  12811 |  12603 |    208 |   1545 |   8699 |  10 | 1281.1 |
        Temple |    142 |    122 |     20 |      0 |    104 |   1 |  142.0 |
               +--------+--------+--------+--------+--------+-----+--------+

Top non-repeatable levels by time:
     D:6: 1969 daAuts
     D:4: 1963 daAuts
     D:2: 1343 daAuts
     D:9: 1340 daAuts
     D:7: 1256 daAuts
     D:8: 1236 daAuts
     D:1: 1186 daAuts
     D:5: 1049 daAuts
     D:3: 995 daAuts
    D:10: 470 daAuts
  Temple: 142 daAuts
